 Dungeon Crawl Stone Soup version bcrawl-1.22 (webtiles) character file.

Game seed: 6218554348129189462

1570215 Artagas the Sorcerer (level 25, 169/169 HPs)
             Began as a Skeleton Skald on May 11, 2020.
             Was an Initiate of Gozag.
             Escaped with the Orb
             ... and 3 runes on May 13, 2020!
             The game lasted 03:38:05 (76130 turns).

Artagas the Sorcerer (Skeleton Skald)              Turns: 76130, Time: 03:38:06

Health: 169/169    AC: 40    Str: 22    XL:     25   Next: 65%
Magic:  51/57      EV: 23    Int: 18    God:    Gozag
Gold:   3400       SH:  0    Dex: 17    Spells: 29/67 levels left

rFire    + + .     SeeInvis +   a - +0 glaive of the Wasteland {speed, +Blink}
rCold    + + .     Gourm    +   (shield currently unavailable)
rNeg     + + +     Faith    .   e - +6 plate armour {rF+}
rPois    ∞         Spirit   +   j - +2 helmet {SInv}
rElec    +         Reflect  .   n - +2 cloak {MR+}
rCorr    .         Harm     .   N - +2 pair of gloves "Pojegg" {Str-3 Dex+5}
MR       +++++     NoTele   +   H - +2 pair of boots {run}
Stlth    ..........             r - amulet of Ball {Gourm +Inv rF+ MR+ Int+4}
HPRegen  0.38/turn              s - ring of Fangiw {rElec MR++ Int-3 Dex+4}
MPRegen  0.35/turn              g - ring of the Shrike {-Tele rC+ rN+ MP+9 Slay+3}

@: gold aura, deflect missiles, quick
A: no food or potions, cold resistance 1, deterioration 1, negative energy
resistance 3, powered by death 2, torment resistance, unbreathing, magic shield,
sturdy frame 3, spell healing
0: Orb of Zot
}: 3/15 runes: barnacled, silver, gossamer
a: Potion Petition, Call Merchant, Bribe Branch, Renounce Religion, Evoke Blink,
Evoke Invisibility


You escaped.
You worshipped Gozag.
Gozag was most pleased with you.
You were not hungry.

You visited 10 branches of the dungeon, and saw 43 of its levels.
You visited 2 bazaars.
You also visited: Desolation.

You collected 24211 gold pieces.
You spent 10546 gold pieces at shops.
You paid 10265 gold pieces to Gozag.

Inventory:

Hand Weapons
 a - the +0 glaive of the Wasteland (weapon) {speed, +Blink}
   (You found it on level 10 of the Dungeon)

   Attacks with this weapon are significantly faster.
   It lets you blink.
 b - the +0 arbalest "Nomet" {freeze, Dex+3}
   (You found it on level 2 of the Vaults)

   It causes projectiles fired from it to freeze those they strike, causing
   extra injury to most foes and up to half again as much damage against
   particularly susceptible opponents.
   They can also slow down cold-blooded creatures.
   It affects your dexterity (+3).
Missiles
 h - 7748 bolts
 m - 8 throwing nets (quivered) {!f}
Armour
 e - a +6 plate armour of fire resistance (worn)
   (You found it on level 3 of the Vaults)
 i - the +1 plate armour of Zashrourph {rF+ Slay+5}
   (You bought it in a shop on level 12 of the Dungeon)

   It affects your accuracy and damage with ranged weapons and melee attacks
   (+5).
   It protects you from fire.
 j - a +2 helmet of see invisible (worn)
   (You found it on level 4 of the Dungeon)
 k - a +1 cloak of magic resistance
   (You took it off a draconian stormcaller on level 1 of the Realm of Zot)
 n - a +2 cloak of magic resistance (worn)
   (You found it on level 3 of the Elven Halls)
 H - a +2 pair of boots of running (worn)
   (You bought it in a shop in the Orcish Mines)
 N - the +2 pair of gloves "Pojegg" (worn) {Str-3 Dex+5}
   (You found it in the Desolation of Salt)

   It affects your strength (-3).
   It affects your dexterity (+5).
Jewellery
 c - an uncursed ring of protection from cold
   (You found it on level 7 of the Dungeon)
 d - an uncursed ring of insulation
   (You found it on level 1 of the Dungeon)
 g - the ring of the Shrike (right hand) {-Tele rC+ rN+ MP+9 Slay+3}
   (You bought it in a shop in a bazaar)

   [ring of magical power]

   It affects your accuracy and damage with ranged weapons and melee attacks
   (+3).
   It protects you from cold.
   It protects you from negative energy.
   It affects your magic capacity (+9).
   It prevents most forms of teleportation.
 o - the amulet "Hatatim" {Reflect Str+6 Dex+2 SH+3}
   (You bought it in a shop on level 9 of the Dungeon)

   [amulet of reflection]

   It shields you and reflects attacks.
   It affects your strength (+6).
   It affects your dexterity (+2).
   It affects your SH (+3).
 q - the ring of Daahen {Str+5 Dex+2 Slay+2 SInv}
   (You bought it in a shop on level 9 of the Dungeon)

   [ring of dexterity]

   It affects your strength (+5).
   It affects your dexterity (+2).
   It affects your accuracy and damage with ranged weapons and melee attacks
   (+2).
   It lets you see invisible.
 r - the amulet of Ball (around neck) {Gourm +Inv rF+ MR+ Int+4}
   (You bought it in a shop in a bazaar)

   [amulet of the gourmand]

   It allows you to eat raw meat even when not hungry.
   It affects your intelligence (+4).
   It protects you from fire.
   It affects your resistance to hostile enchantments.
   It lets you turn invisible.
 s - the ring of Fangiw (left hand) {rElec MR++ Int-3 Dex+4}
   (You found it in the Desolation of Salt)

   [ring of intelligence]

   It affects your intelligence (-3).
   It affects your dexterity (+4).
   It insulates you from electricity.
   It affects your resistance to hostile enchantments.
 G - an uncursed ring of flight
   (You found it on level 8 of the Dungeon)
 U - the ring of Plog {rPois rC+ MR+ Str-4 Int+4}
   (You acquired it on level 3 of the Spider Nest)

   [ring of intelligence]

   It affects your strength (-4).
   It affects your intelligence (+4).
   It protects you from cold.
   It protects you from poison.
   It affects your resistance to hostile enchantments.
 Y - the ring of Mirth {rN+ Str+2 SInv}
   (You found it in the Desolation of Salt)

   [ring of see invisible]

   It affects your strength (+2).
   It protects you from negative energy.
   It lets you see invisible.
Wands
 p - a wand of disintegration (42)
   (You found it on level 2 of the Vaults)
 v - a wand of digging (21)
   (You found it on level 8 of the Dungeon)
 x - a wand of iceblast (23)
   (You bought it in a shop on level 4 of the Dungeon)
 y - a wand of enslavement (16)
   (You bought it in a shop on level 7 of the Dungeon)
 K - a wand of clouds (13)
   (You found it on level 4 of the Lair of Beasts)
 M - a wand of paralysis (35)
   (You found it on level 5 of the Lair of Beasts)
 X - a wand of scattershot (6)
   (You found it on level 1 of the Vaults)
Scrolls
 f - 6 scrolls of immolation
 l - 8 scrolls of fear
 t - 20 scrolls of teleportation
 w - 13 scrolls of remove curse
 z - 7 scrolls of blinking
 B - 5 scrolls of vulnerability
 C - a scroll of silence
 D - 5 scrolls of torment
 E - 4 scrolls of fog
 F - 5 scrolls of magic mapping
 I - 5 scrolls of enchant weapon
 J - 12 scrolls of amnesia
 O - 7 scrolls of summoning
Miscellaneous
 L - 3 boxes of beasts
 Q - a lightning rod (4/4)
   (You found it on level 11 of the Dungeon)
 R - a phantom mirror
 S - 2 sacks of spiders
 Z - a lamp of fire
   (You found it on level 3 of the Shoals)


   Skills:
 + Level 20.5 Fighting
 - Level 20.0 Polearms
   Level 6.3 Slings
 - Level 18.0 Crossbows
 + Level 19.7 Armour
 + Level 20.5 Dodging
   Level 4.2 Shields
 + Level 21.9 Spellcasting
 - Level 6.0 Hexes
 - Level 10.2 Charms
 - Level 13.0 Summonings
 - Level 3.0 Ice Magic
 - Level 5.0 Air Magic
 - Level 7.0 Evocations


You had 29 spell levels left.
You knew the following spells:

 Your Spells              Type           Power        Failure   Level  Hunger
a - Spectral Weapon       Hex/Chrm       #####...     1%          3    N/A
b - Ozocubu's Armour      Chrm/Ice       #####...     1%          3    N/A
c - Song of Slaying       Chrm           ######..     1%          2    N/A
d - Flaming Arrows        Chrm/Fire      #####...     1%          2    N/A
e - Summon Mana Viper     Hex/Summ       ######..     3%          5    N/A
f - Shadow Creatures      Summ           N/A          4%          6    N/A
g - Infusion              Chrm           ######..     1%          1    N/A
h - Deflect Missiles      Chrm/Air       #####.....   34%         6    N/A
i - Summon Lightning Spi  Summ/Air       ######..     3%          5    N/A
j - Aura of Abjuration    Summ           ######....   1%          5    N/A

Your spell library contained the following spells:

 Spells                   Type           Power        Failure   Level  Hunger
 Corona                   Hex            #####..      1%          1    N/A
 Freeze                   Ice            ####..       1%          1    N/A
 Slow                     Hex            #####...     1%          1    N/A
 Summon Butterflies       Summ           ######..     1%          1    N/A
 Call Imp                 Summ           ######       1%          2    N/A
 Shackle                  Hex            #####...     1%          2    N/A
 Swiftness                Chrm/Air       #####...     1%          2    N/A
 Throw Frost              Conj/Ice       ####..       1%          2    N/A
 Confuse                  Hex            #####...     1%          3    N/A
 False Image              Hex/Summ       ######..     1%          3    N/A
 Recall                   Summ/Tloc      N/A          1%          3    N/A
 Tukima's Dance           Hex            #####...     1%          3    N/A
 Summon Ice Beast         Ice/Summ       #####...     1%          4    N/A
 Summon Demon             Summ           ######....   1%          5    N/A
 Piercing Shot            Chrm           ######....   2%          5    N/A
 Poisonous Vapours        Pois/Air       ####..       3%          2    N/A
 Dazzling Spray           Conj/Hex       ####..       4%          3    N/A
 Inner Flame              Hex/Fire       N/A          4%          3    N/A
 Cause Fear               Hex            #####.....   4%          4    N/A
 Summon Hydra             Summ           ######....   4%          6    N/A
 Apportation              Tloc           ###...       5%          1    N/A
 Blink Other              Tloc           ###...       5%          1    N/A
 Flame Tongue             Conj/Fire      ###..        5%          1    N/A
 Magic Dart               Conj           ###.         5%          1    N/A
 Sandblast                Erth           ###...       5%          1    N/A
 Blink                    Tloc           N/A          9%          2    N/A
 Corpse Rot               Necr           N/A          9%          2    N/A
 Passwall                 Tmut/Erth      ###.....     9%          2    N/A
 Searing Ray              Conj           ###.....     9%          2    N/A
 Mephitic Cloud           Conj/Pois/Air  ####....     9%          3    N/A
 Summon Forest            Summ/Tloc      #####.....   11%         5    N/A
 Beckoning                Tloc           ###.......   16%         3    N/A
 Conjure Flame            Conj/Fire      ###.....     16%         3    N/A
 Iskenderun's Mystic Bla  Conj           ###.....     16%         3    N/A
 Portal Projectile        Tloc           ###...       16%         3    N/A
 Stone Arrow              Conj/Erth      ###...       16%         3    N/A
 Teleport Other           Tloc           ###.....     16%         3    N/A
 Fulminant Prism          Conj/Hex       ####......   16%         4    N/A
 Yara's Violent Unravell  Hex/Tmut       ####......   16%         4    N/A
 Silence                  Hex/Air        #####.....   16%         5    N/A
 Iskenderun's Battlesphe  Conj/Chrm      #####...     19%         5    N/A
 Metabolic Englaciation   Hex/Ice        #####.....   22%         5    N/A
 Monstrous Menagerie      Summ           ######....   22%         7    N/A
 Summon Greater Demon     Summ           ######....   22%         7    N/A
 Throw Icicle             Conj/Ice       ####....     28%         4    N/A
 Animate Dead             Necr           N/A          47%         4    N/A
 Force Lance              Tloc           ###.....     47%         4    N/A
 Petrify                  Tmut/Erth      ###.....     47%         4    N/A
 Sticky Flame             Conj/Fire      ###.....     47%         4    N/A
 Lightning Bolt           Conj/Air       ####......   47%         5    N/A
 Darkness                 Hex            #####.....   56%         6    N/A
 Invisibility             Hex            #####...     56%         6    N/A
 Death Channel            Chrm/Necr      #####.....   69%         6    N/A
 Agony                    Necr           ###.....     83%         5    N/A
 Bolt of Draining         Conj/Necr      ###.......   83%         5    N/A
 Bolt of Magma            Conj/Fire/Erth ###.......   83%         5    N/A
 Dispel Undead            Necr           ###.....     83%         5    N/A
 Fireball                 Conj/Fire      ###.......   83%         5    N/A
 Irradiate                Conj/Tmut      ###.......   83%         5    N/A
 Lee's Rapid Deconstruct  Erth           ###.......   83%         5    N/A
 Summon Horrible Things   Summ           ######....   86%         8    N/A
 Conjure Ball Lightning   Conj/Air       ####......   96%         6    N/A
 Haunt                    Necr/Summ      #####.....   97%         7    N/A
 Malign Gateway           Summ/Tloc      #####.....   97%         7    N/A
 Spellforged Servitor     Conj/Summ      #####.....   97%         7    N/A
 Infestation              Hex/Tmut/Pois  ####.....    98%         6    N/A
 Simulacrum               Ice/Necr       ####......   99%         6    N/A
 Borgnjor's Vile Clutch   Necr/Erth      ###.......   100%        6    N/A
 Iron Shot                Conj/Erth      ###.......   100%        6    N/A
 Poison Arrow             Conj/Pois      ###.......   100%        6    N/A
 Icicle Burst             Conj/Ice       ####......   100%        7    N/A
 Mana Rupture             Conj/Hex       ####......   100%        7    N/A
 Orb of Destruction       Conj           ###.......   100%        7    N/A
 Chain Lightning          Conj/Air       ####......   100%        8    N/A
 Discord                  Hex            #####.....   100%        8    N/A
 Glaciate                 Conj/Ice/Air   ####......   100%        8    N/A
 Ignition                 Fire           ###.......   100%        8    N/A
 Lehudib's Crystal Spear  Conj/Erth      ###.......   100%        8    N/A
 Fire Storm               Conj/Fire      ###.......   100%        9    N/A
 Shatter                  Erth           ###.......   100%        9    N/A
 Tornado                  Air            #####.....   100%        9    N/A
 Regeneration             Chrm/Necr      Unusable     N/A         3    N/A
 Sublimation of Blood     Necr           Unusable     N/A         2    N/A
 Spider Form              Tmut/Pois      Unusable     N/A         3    N/A
 Passage of Golubria      Tloc           Unusable     N/A         5    N/A
 Statue Form              Tmut/Erth      Unusable     N/A         6    N/A

Dungeon Overview and Level Annotations

Branches:
Dungeon (12/12)            Temple (0/1) D:6            Lair (6/6) D:7
 Shoals (3/3) Lair:3       Spider (3/3) Lair:2        Slime (0/5) Lair:5
    Orc (1/1) D:10            Elf (3/3) Orc          Vaults (3/3) D:11
  Crypt (2/2) Vaults:2       Tomb (0/3) Crypt:2      Depths (5/5) D:12
    Zot (5/5) Depths:5

Altars:
Ashenzari
Cheibriados
Dithmenos
Elyvilon
Gozag
Hepliaklqana
Kikubaaqudgha
Okawaru
Ru
Vehumet
Wu Jian
Xom
Yredelemnul
Zin
The Shining One
Jiyva

Shops:
D:4 }   D:6 *   D:7 (%*%   D:9 =   D:12 [   Orc %[:[   Elf:1 [   Elf:2 }
Elf:3 *   Depths:3 (   Depths:4 *

Portals:
Hell: Depths:1 Depths:2 Depths:3 Depths:4 Depths:5
Abyss: Depths:1 Depths:2 Depths:4 Depths:5
Pandemonium: Depths:3
Ziggurat: Depths:5

Annotations:
D:3 Natasha
D:10 1 runed door
Lair:2 exclusion: 2 oklob plants
Spider:1 3 runed translucent doors, MIKEmikeMIKE's ghost, journeyman FrAE
Crypt:1 3 runed translucent doors, janekpiasek's ghost, veteran OnCj
Depths:3 1 runed translucent door, Zeph's ghost, adept NaFi
Zot:5 1 exclusion


Innate Abilities, Weirdness & Mutations

You do not eat or drink.
You are immune to poison.
Your flesh is cold resistant. (rC+)
Your body sometimes deteriorates upon taking damage.
You are immune to negative energy. (rN+++)
You regenerate health from kills.
You are immune to unholy pain and torment.
You can survive without breathing.
When hurt, damage is shared between your health and your magic reserves.
Your movements are significantly less encumbered by armour. (ER -6)
Casting spells heals you.


Message History

There is a stone staircase leading up here.
You climb upwards.
There is a stone staircase leading down here.
There is a stone staircase leading up here.
You climb upwards.
There is a stone staircase leading down here.
You see here 127 arrows.
There is a stone staircase leading up here.
You climb upwards.
There is a stone staircase leading down here.
Items here: ! )) [ a potion of might; a +0 leather armour; a +0 hand axe; a +0 club You see here a +0 dagger.
You see here a +0 dagger.
You see here a +0 dagger.
Things that are here:
a +0 scale mail; a +0 dagger
Things that are here:
a +0 leather armour; a +0 hand axe
There is an open door here.
There is a stone staircase leading up here.
You climb upwards.
There is a stone staircase leading down here.
There is an open door here.
Natasha, Servant of Life and Death comes into view.
Natasha hisses angrily.
There is a stone staircase leading up here.
You climb upwards.
There is a stone staircase leading down here.
(D) Dungeon (T) Temple (L) Lair (A) Shoals (N) Spider Nest (M) Slime Pits (O) Orcish Mines (E) Elven Halls (V) Vaults (C) Crypt (W) Tomb (U) Depths (H) Hell (Z) Zot
Where to? (Enter - D:1 @ (x,y), ? - help)
You see here a +0 club.
There is a stone staircase leading up here.
You climb upwards.
There is a stone staircase leading down here.
A sixfirhy comes into view.
The sixfirhy moves out of view.
The sixfirhy hits you! The sixfirhy shocks you. You resist.
You miss the sixfirhy. You miss the sixfirhy. You closely miss the sixfirhy.
The sixfirhy hits you but does no damage.
The sixfirhy completely misses you. The sixfirhy closely misses you.
The sixfirhy hits you. The sixfirhy shocks you. You resist.
The sixfirhy closely misses you.
There is an open door here.
Evoke which item? (* to show all) (? for menu, Esc to quit)
Aiming: Dig
Press: ? - help, Shift-Dir - straight line A rock wall.
This square is covered in magical glow.
The rock shatters into small pieces.
Attack whom?
Press: ? - help, Dir - move target cursor, f - sixfirhy
Aim: a sixfirhy You reach to attack!
You slash the sixfirhy!
The sixfirhy is heavily wounded.
The sixfirhy barely misses you. x2
You completely miss the sixfirhy.
The sixfirhy is heavily wounded.
The sixfirhy closely misses you. The sixfirhy barely misses you.
You slice the sixfirhy!!
You kill the sixfirhy!
No target in view!
An orange demon comes into view.
The orange demon screeches!
The orange demon stings you from afar.
Attack whom?
Press: ? - help, Dir - move target cursor, f - orange demon
Aim: an orange demon You reach to attack!
You hit the orange demon.
The orange demon is lightly wounded.
Attack whom?
Press: ? - help, Dir - move target cursor, f/p - orange demon
Aim: an orange demon (lightly wounded)
You reach to attack!
You slash the orange demon!
The orange demon is heavily wounded.
The orange demon barely misses you.
Attack whom?
Press: ? - help, Dir - move target cursor, f/p - orange demon
Aim: an orange demon (heavily wounded)
You reach to attack!
You closely miss the orange demon.
The orange demon is heavily wounded.
Attack whom?
Press: ? - help, Dir - move target cursor, f/p - orange demon
Aim: an orange demon (heavily wounded)
You reach to attack!
You slice the orange demon!!
You kill the orange demon!
No target in view!
No target in view!
There is a staircase leading out of the dungeon here.
You start resting.
HP restored.
Casting: Shadow Creatures (safe; 4% risk of failure)
Confirm with . or Enter, or press ? or * to list all spells.
Wisps of shadow whirl around you...
You have escaped!

#.#.#...#...............##.......
#.#.#...#.#############.##.......
#...#...#.#...........#.#........
........#.#.####.####.#..........
##..##....#^#.......#.#.########.
#......#.#.#.#####.#.#.########.
##.).#..#.#.#.#...#.#.#.#........
%#......#.#.#.#.g.#.#.#.#.#######
.#......#.+.#...@.....$.#.#
.#......#.#.#.#...#.#.#.#.#
.#...##.#.#.#.#...#$#.#.#.#
.....#..#.#.#.#####.#.#.#.#
.##..#..#.#.#.......#.#...#
.##.......#.####.####.#.###
.###.##.#.#...........#.# .#
#)##>#.#############.# .#
#.##.#...............#


You could see a friendly hobgoblin.

Vanquished Creatures
  Khufu (Crypt:1)
  2 ancient liches
  Xtahua (Depths:5)
  Mara (Vaults:2)
  Sojobo (Depths:4)
  13 golden dragons
  A golden dragon (shapeshifter) (Vaults:3)
  A curse toe (Zot:1)
  Frederick (Crypt:1)
  Jory (Crypt:2)
  2 Orb Demons
  A bone dragon (Crypt:2)
  4 Orb Guardians
  2 electric golems (Zot:3)
  9 liches
  7 tentacled monstrosities
  Asterion (Vaults:1)
  4 quicksilver dragons
  4 deep elf master archers (Elf:3)
  2 deep elf blademasters
  7 titans
  7 death cobs
  A sphinx (Vaults:3)
  5 shadow dragons
  6 tengu reavers
  11 storm dragons
  Ilsuiw (Shoals:3)
  14 frost giants
  A revenant (Crypt:1)
  6 ghost moths
  A balrug (Depths:4)
  14 fire giants
  4 draconian knights
  2 iron dragons
  9 deep elf sorcerers
  3 imperial myrmidons (Desolation)
  4 deep elf elementalists (Elf:3)
  3 emperor scorpions
  7 vault wardens
  2 draconian shifters (Zot:1)
  12 ironheart preservers
  6 war gargoyles
  2 draconian stormcallers
  15 stone giants
  3 vampire knights
  3 spriggan defenders
  An entropy weaver (Vaults:3)
  8 green draconians
  10 deep elf demonologists
  4 very ugly things
  3 halazid warlocks (Desolation)
  6 black draconians
  10 deep elf annihilators
  A white draconian (Zot:2)
  3 yellow draconians
  8 spark wasps
  5 red draconians
  2 merfolk javelineers (Shoals:3)
  4 purple draconians
  6 crystal guardians
  9 ettins
  6 deep elf death magi
  13 fire dragons
  3 jiangshi (Crypt:1)
  6 ogre magi
  7 merfolk impalers
  8 ragged hierophants (Desolation)
  17 yaktaur captains
  8 servants of whispers (Desolation)
  4 deep elf high priests (Elf:3)
  7 hydras
  6 rakshasas
  13 ice dragons
  5 great orbs of eyes
  3 spriggan air magi
  5 peacekeepers
  A merfolk avatar (Shoals:3)
  9 two-headed ogres
  25 vault guards
  6 centaur warriors
  2 catoblepae
  2 alligator snapping turtles
  5 merfolk aquamancers
  A queen ant (shapeshifter) (Depths:2)
  2 death knights
  2 vampire magi
  13 tengu warriors
  9 deep troll shamans
  2 deep troll earth magi
  3 orc high priests (Orc)
  3 death yaks (Lair:4)
  9 sea snakes
  6 satyrs
  A titan zombie (Crypt:2)
  Sonja (Lair:6)
  3 spriggan berserkers
  17 deep elf knights
  25 skeletal warriors
  A deep troll (shapeshifter) (Elf:2)
  4 shadow wraiths
  24 hell knights
  13 deep trolls
  2 salamander mystics (Depths:4)
  An iron troll (Depths:1)
  2 flayed ghosts
  A sixfirhy (D:1)
  3 unseen horrors
  5 glowing orange brains
  4 wizards
  5 cyclopes
  16 harpies
  A golden dragon zombie (Crypt:2)
  10 deep elf archers
  15 ironbrand convokers
  6 phantasmal warriors (Vaults:3)
  An iron dragon zombie (Crypt:2)
  11 necromancers
  8 orc knights
  A shadow dragon zombie (Crypt:2)
  A fire giant zombie (Crypt:2)
  24 wolf spiders
  11 orb spiders
  2 oklob plants (Lair:3)
  A shadow dragon skeleton (Crypt:2)
  10 fauns
  60 deep elf magi
  23 ugly things
  11 manticores
  6 salamanders (Depths:4)
  5 orc sorcerers
  2 stone giant skeletons
  A tengu skeleton (Vaults:2)
  A faun (shapeshifter) (Depths:1)
  Joseph (D:8)
  10 merfolk sirens
  2 molten gargoyles (Desolation)
  11 moths of wrath
  4 guardian serpents (Desolation)
  14 elephants
  A shock serpent zombie (Crypt:2)
  A black mamba (shapeshifter) (Depths:2)
  2 water nymphs (Shoals:3)
  An eye of devastation (shapeshifter) (Vaults:3)
  A dire elephant zombie (Crypt:2)
  A frost giant skeleton (Vaults:2)
  A torpor snail (Spider:1)
  2 black mambas (Lair:3)
  A gargoyle (D:11)
  8 centaur skeletons
  A naga mage (D:12)
  13 cane toads
  9 vault sentinels
  10 komodo dragons
  An orange demon (D:1)
  9 demonic crawlers
  A yellow draconian zombie (Crypt:1)
  A kobold demonologist (D:11)
  27 yaktaurs
  2 rime drakes
  5 tengu conjurers
  10 freezing wraiths
  A komodo dragon (shapeshifter) (Vaults:3)
  An efreet (D:11)
  A yaktaur skeleton (Vaults:2)
  A harpy zombie (D:12)
  2 red devils (Depths:4)
  8 trolls
  A queen ant zombie (Crypt:1)
  7 human skeletons (Vaults:2)
  16 jumping spiders
  6 meliai (D:11)
  18 merfolk (Shoals:3)
  A meliai (shapeshifter) (Vaults:1)
  A queen bee (shapeshifter) (Depths:4)
  2 wind drakes
  A hornet (shapeshifter) (Elf:2)
  15 hornets
  59 saltlings
  8 polar bears
  15 dream sheep
  2 harpy skeletons
  A fire dragon zombie (Crypt:2)
  25 slime creatures
  2 dream sheep (shapeshifter)
  4 blink frogs (Lair:5)
  A meliai zombie (D:12)
  6 snapping turtles
  17 hippogriffs
  37 flying skulls
  A spriggan (shapeshifter) (D:11)
  11 tarantellas
  A centaur simulacrum (D:12)
  2 fire dragon skeletons (Crypt:2)
  2 shadows
  50 redbacks
  A redback (shapeshifter) (D:11)
  An air elemental (Elf:1)
  3 fire elementals
  2 wyverns
  2 tarantellas (shapeshifter)
  18 spriggans
  3 vampires
  A wyvern (shapeshifter) (Vaults:3)
  An ettin skeleton (Vaults:2)
  7 water elementals
  2 basilisks (Lair:4)
  46 yaks
  A black mamba skeleton (Crypt:2)
  A hungry ghost (D:11)
  A wraith (D:11)
  3 vampire mosquitoes (D:11)
  A yaktaur simulacrum (Vaults:3)
  2 chaos spawn (Depths:2)
  6 wargs
  3 large abominations (Depths:2)
  2 soldier ants (shapeshifter)
  A hell hound (Depths:4)
  2 soldier ants
  An acid dragon (Lair:2)
  11 crocodiles
  14 porcupines
  A two-headed ogre skeleton (Crypt:1)
  7 water moccasins
  20 orc warriors
  4 phantoms
  An ettin simulacrum (Vaults:2)
  An ice beast (D:5)
  6 sky beasts
  2 black bears
  An eye of draining (D:11)
  2 hornet zombies (D:12)
  A necrophage (Crypt:2)
  16 ogres
  14 boggarts
  30 wolves
  12 centaurs
  A salamander zombie (Crypt:1)
  2 snapping turtle skeletons
  5 bullfrogs
  An earth elemental (Elf:3)
  A draconian skeleton (Crypt:1)
  7 wights (D:11)
  3 killer bees (D:11)
  4 howler monkeys
  2 electric eels
  9 crimson imps
  2 quasits
  A centaur zombie (D:5)
  A human zombie (Crypt:2)
  3 jellies
  17 orc wizards
  5 hounds
  14 orc priests
  A bullfrog skeleton (D:4)
  An iron imp (Depths:1)
  Ijyb (D:3)
  An iguana (shapeshifter) (Vaults:3)
  An iguana (D:5)
  9 worker ants
  Natasha (twice) (D:3)
  4 hell rats (Lair:4)
  8 small abominations (Depths:2)
  2 hound zombies
  A hound skeleton (D:5)
  3 mummies (Crypt:1)
  A worker ant zombie (D:8)
  Robin (D:4)
  A howler monkey skeleton (D:4)
  3 gnolls
  13 adders
  5 river rats (Lair:4)
  A shadow imp (D:5)
  2 adder zombies
  3 adder skeletons
  6 worms
  2 dart slugs
  5 leopard geckos
  37 orcs
  A bat skeleton (Crypt:1)
  A bat zombie (Crypt:1)
  7 giant cockroaches
  24 goblins
  10 hobgoblins
  6 jackals
  2 quokkas
  3 bats
  3 frilled lizards
  A giant cockroach zombie (Crypt:1)
  7 kobolds
  2 quokka skeletons
  11 rats
  A spectral orc (D:6)
  A bush (Bazaar)
  A fire vortex (Depths:5)
  A plant (Lair:3)
  2 spectral weapons
1844 creatures vanquished.

Vanquished Creatures (collateral kills)
  An ancient lich (Zot:5)
  2 Orb Guardians (Zot:5)
  2 tentacled monstrosities (Zot:5)
  A quicksilver dragon (Zot:5)
  A shadow dragon (Zot:5)
  An iron dragon (Depths:5)
  2 ghost moths
  2 yellow draconians
  A fire dragon (Depths:5)
  A hell knight (Depths:5)
  An ugly thing (Depths:5)
  A chaos spawn (Zot:4)
16 creatures vanquished.

Vanquished Creatures (others)
  An orb of fire (Zot:5)
  An ancient lich (Zot:5)
  2 Killer Klowns (Zot:5)
  An Orb Demon (Zot:5)
  An electric golem (Zot:5)
  A tentacled monstrosity (Zot:5)
  17 Orb Guardians (Zot:5)
  A lich (Depths:5)
  A draconian monk (Depths:5)
  A draconian knight (Zot:5)
  A balrug (Zot:5)
  A stone giant (Vaults:2)
  A lorocyproca (Zot:5)
  2 yellow draconians (Zot:5)
  2 red draconians (Zot:5)
  A white draconian (Zot:5)
  A green draconian (Zot:3)
  A merfolk aquamancer (Shoals:1)
  31 dancing weapons
  A vampire mage (Depths:1)
  A harpy (Vaults:2)
  3 deep elf archers
  2 moths of wrath (Zot:5)
  A centaur (Depths:1)
  A killer bee (D:11)
  2 orc wizards (Orc)
  2 bushes (Lair:4)
  A fire vortex (Depths:5)
  18 fungi
  21 plants
  92 spectral weapons
213 creatures vanquished.

Grand Total: 2073 creatures vanquished

Notes
Turn   | Place    | Note
-------+----------+-------------------------------------------
     0 | D:1      | Artagas the Skeleton Skald began the quest for the Orb.
     0 | D:1      | Reached XP level 1. HP: 12/12 MP: 4/4
   497 | D:1      | Reached skill level 3 in Polearms
   497 | D:1      | Reached XP level 2. HP: 16/17 MP: 4/6
   501 | D:1      | Learned a level 2 spell: Song of Slaying
  1928 | D:2      | Reached skill level 4 in Charms
  2028 | D:2      | Reached XP level 3. HP: 17/21 MP: 0/7
  2220 | D:2      | Learned a level 3 spell: Spectral Weapon
  2650 | D:2      | Found an opulent altar of Gozag.
  2827 | D:2      | Became a worshipper of Gozag Ym Sagoz the Greedy
  3014 | D:2      | Reached skill level 4 in Polearms
  3014 | D:2      | Reached XP level 4. HP: 19/26 MP: 0/9
  3207 | D:2      | Learned a level 3 spell: Ozocubu's Armour
  3859 | D:3      | Reached skill level 4 in Spellcasting
  3950 | D:3      | Found a snail-covered altar of Cheibriados.
  3969 | D:3      | Reached skill level 1 in Shields
  4122 | D:3      | Found a white marble altar of Elyvilon.
  4159 | D:3      | Noticed Ijyb
  4183 | D:3      | Killed Ijyb
  4297 | D:3      | Reached XP level 5. HP: 30/30 MP: 11/11
  4558 | D:3      | Noticed Natasha
  4562 | D:3      | Killed Natasha
  4562 | D:3      | Reached skill level 5 in Polearms
  4562 | D:3      | Reached skill level 2 in Shields
  4601 | D:3      | Noticed Natasha
  4609 | D:3      | Killed Natasha
  4773 | D:4      | Noticed Robin
  4811 | D:4      | Reached skill level 3 in Shields
  4823 | D:4      | Killed Robin
  5288 | D:4      | Gained mutation: You regenerate a little health from kills.
                  | [Skeleton growth]
  5288 | D:4      | Reached XP level 6. HP: 34/35 MP: 12/12
  5515 | D:4      | Reached skill level 6 in Polearms
  5520 | D:4      | Reached skill level 4 in Shields
  5955 | D:4      | Found Dish's Gadget Boutique.
  5959 | D:4      | Bought a wand of acid (4) for 192 gold pieces
  5959 | D:4      | Bought a wand of iceblast (4) for 96 gold pieces
  6903 | D:4      | Reached skill level 2 in Armour
  6903 | D:4      | Reached skill level 1 in Evocations
  7016 | D:5      | Entered Level 5 of the Dungeon
  7140 | D:5      | Reached XP level 7. HP: 30/40 MP: 4/13
  7429 | D:5      | Found an iron altar of Okawaru.
  7562 | D:5      | Reached skill level 3 in Fighting
  7714 | D:5      | Found a hazy altar of Hepliaklqana.
  7735 | D:5      | Noticed a green ugly thing
  7748 | D:5      | Killed a green ugly thing
  7748 | D:5      | Reached skill level 7 in Polearms
  7748 | D:5      | Reached skill level 3 in Armour
  7748 | D:5      | Reached skill level 5 in Charms
  7748 | D:5      | Reached skill level 2 in Evocations
  7748 | D:5      | Reached XP level 8. HP: 33/48 MP: 8/14
  8152 | D:5      | Reached skill level 4 in Fighting
  8478 | D:5      | Reached skill level 4 in Armour
  8478 | D:5      | Reached skill level 3 in Evocations
  8647 | D:5      | Found an ornate altar of the Wu Jian Council.
  9356 | D:6      | Found a staircase to the Ecumenical Temple.
  9366 | D:6      | Reached skill level 8 in Polearms
  9455 | D:6      | Noticed a troll
  9469 | D:6      | Killed a troll
  9469 | D:6      | Reached skill level 5 in Evocations
  9597 | D:6      | Found a shadowy altar of Dithmenos.
  9701 | D:6      | Found Otainaj's Assorted Antiques.
  9711 | D:6      | Bought a scroll labeled EKOSYS CUJA for 29 gold pieces
  9711 | D:6      | Bought a wand of acid (9) for 232 gold pieces
  9711 | D:6      | Bought a scroll labeled XUMO XIVVASICO for 29 gold pieces
  9711 | D:6      | Bought a scroll labeled VATIXE QEING for 29 gold pieces
  9711 | D:6      | Bought 2 scrolls of teleportation for 174 gold pieces
  9711 | D:6      | Bought a scroll labeled ONNEUH FIKE for 29 gold pieces
  9826 | D:6      | Reached XP level 9. HP: 51/52 MP: 8/15
  9923 | D:6      | Found a shattered altar of Ashenzari.
 10038 | D:6      | Reached skill level 5 in Spellcasting
 10213 | D:6      | Found an ancient bone altar of Kikubaaqudgha.
 10391 | D:6      | Found a basalt altar of Yredelemnul.
 10496 | D:6      | Reached skill level 1 in Hexes
 10581 | D:7      | Found Sots's Food Boutique.
 10684 | D:7      | Reached skill level 1 in Ice Magic
 10733 | D:7      | Found Woceluedo's Assorted Antiques.
 10739 | D:7      | Bought a scroll of fear for 108 gold pieces
 10739 | D:7      | Bought a short brass wand for 124 gold pieces
 10739 | D:7      | Bought a scroll labeled ARGHUE IL NAUNG for 31 gold pieces
 10782 | D:7      | Found Huireih's Antique Weapon Shop.
 10830 | D:7      | Found Nurusina's Food Shop.
 11032 | D:7      | Reached skill level 5 in Fighting
 11055 | D:7      | Found a staircase to the Lair.
 11245 | D:8      | Reached skill level 2 in Hexes
 11305 | D:8      | Found a shadowy altar of Dithmenos.
 11384 | D:8      | Reached skill level 9 in Polearms
 11384 | D:8      | Reached skill level 2 in Ice Magic
 11394 | D:8      | Reached skill level 6 in Spellcasting
 11555 | D:8      | Reached skill level 6 in Fighting
 11555 | D:8      | Reached skill level 7 in Spellcasting
 11570 | D:8      | Reached skill level 10 in Polearms
 11688 | D:8      | Gained mutation: Your movements are less encumbered by
                  | armour. (ER -4) [Skeleton growth]
 11688 | D:8      | Reached XP level 10. HP: 60/60 MP: 17/20
 12207 | D:8      | Found a sacrificial altar of Ru.
 12364 | D:8      | Noticed Joseph
 12371 | D:8      | Killed Joseph
 12811 | Lair:1   | Entered Level 1 of the Lair of Beasts
 13001 | Lair:1   | Found a glowing silver altar of Zin.
 13114 | Lair:1   | Reached skill level 8 in Spellcasting
 13118 | Lair:1   | Reached skill level 1 in Slings
 13119 | Lair:1   | Noticed a cane toad
 13127 | Lair:1   | Reached skill level 2 in Slings
 13160 | Lair:1   | Reached skill level 11 in Polearms
 13561 | Lair:1   | Reached skill level 3 in Slings
 13629 | Lair:1   | Reached skill level 5 in Armour
 13633 | Lair:1   | Reached skill level 3 in Dodging
 13640 | Lair:1   | Reached skill level 4 in Slings
 13721 | Lair:1   | Killed a cane toad
 13930 | Lair:1   | Noticed a cane toad
 13936 | Lair:1   | Killed a cane toad
 14068 | Lair:1   | Reached skill level 5 in Slings
 14142 | Lair:1   | Reached XP level 11. HP: 49/64 MP: 7/23
 14722 | Lair:2   | Reached skill level 12 in Polearms
 14722 | Lair:2   | Reached skill level 6 in Armour
 14963 | Lair:2   | Reached skill level 4 in Dodging
 14970 | Lair:2   | Reached skill level 6 in Slings
 15179 | Lair:3   | Found a staircase to the Shoals.
 15525 | Lair:2   | Found a hole to the Spider Nest.
 15799 | Lair:2   | Noticed an oklob plant
 15804 | Lair:2   | Noticed an oklob plant
 16733 | Lair:2   | Reached skill level 9 in Spellcasting
 16748 | Lair:2   | Reached skill level 7 in Fighting
 17502 | Lair:3   | Reached skill level 13 in Polearms
 17505 | Lair:3   | Reached skill level 10 in Spellcasting
 17621 | Lair:3   | Reached skill level 8 in Fighting
 17815 | Lair:3   | Noticed an oklob plant
 17849 | Lair:3   | Reached XP level 12. HP: 54/73 MP: 11/26
 18342 | Lair:3   | Reached skill level 14 in Polearms
 20760 | Lair:4   | Noticed a seven-headed hydra
 20771 | Lair:4   | Killed a seven-headed hydra
 20876 | Lair:4   | Reached skill level 5 in Dodging
 21035 | Lair:4   | Reached skill level 7 in Armour
 21080 | Lair:4   | Noticed a death yak
 21097 | Lair:4   | Noticed a death yak
 21107 | Lair:4   | Killed a death yak
 21108 | Lair:4   | Noticed a death yak
 21128 | Lair:4   | Killed a death yak
 21132 | Lair:4   | Killed a death yak
 21132 | Lair:4   | Reached skill level 9 in Fighting
 21509 | Lair:4   | Reached skill level 6 in Dodging
 22233 | Lair:5   | Reached skill level 8 in Armour
 22391 | Lair:5   | Found a dark tunnel.
 22568 | Lair:5   | Noticed a seven-headed hydra
 22577 | Lair:5   | Killed a seven-headed hydra
 22577 | Lair:5   | Reached skill level 15 in Polearms
 22577 | Lair:5   | Reached XP level 13. HP: 63/80 MP: 20/27
 22756 | Lair:5   | Found a staircase to the Slime Pits.
 22756 | Lair:5   | Found a viscous altar of Jiyva.
 23490 | Lair:6   | Entered Level 6 of the Lair of Beasts
 23505 | Lair:6   | Reached skill level 7 in Dodging
 24078 | Lair:6   | Reached skill level 10 in Fighting
 24094 | Lair:6   | Reached skill level 9 in Armour
 24295 | Lair:6   | Noticed Sonja
 24317 | Lair:6   | Killed Sonja
 24624 | Lair:6   | Reached skill level 8 in Dodging
 24819 | Lair:6   | Reached skill level 10 in Armour
 24825 | Lair:6   | Reached skill level 16 in Polearms
 25446 | Lair:6   | Reached skill level 11 in Spellcasting
 26312 | D:9      | Found a radiant altar of Vehumet.
 26315 | D:9      | Found a shimmering altar of Xom.
 26318 | D:9      | Found a glowing golden altar of the Shining One.
 26562 | D:9      | Bought the amulet "Hatatim" {Reflect Str+6 Dex+2 SH+3} for
                  | 750 gold pieces
 26562 | D:9      | Bought the ring of Daahen {Str+5 Dex+2 Slay+2 SInv} for 714
                  | gold pieces
 26572 | D:10     | Entered Level 10 of the Dungeon
 26638 | D:10     | Got an iridescent glaive
 26666 | D:10     | Reached skill level 12 in Spellcasting
 26873 | D:10     | Found a runed door.
 26899 | D:10     | Found a staircase to the Orcish Mines.
 26903 | D:10     | Reached XP level 14. HP: 80/88 MP: 25/30
 28086 | D:10     | Identified the cursed +0 glaive of the Wasteland {speed,
                  | +Blink} (You found it on level 10 of the Dungeon)
 28254 | D:11     | Reached skill level 6 in Evocations
 28325 | D:11     | Reached skill level 9 in Dodging
 28472 | D:11     | Reached skill level 11 in Armour
 28674 | D:11     | Reached skill level 11 in Fighting
 28849 | D:11     | Identified the Collected Works on Assistive Transformation
 28856 | D:11     | Reached skill level 7 in Evocations
 29495 | D:11     | Reached XP level 15. HP: 95/95 MP: 31/31
 29624 | D:11     | Found a gate to the Vaults.
 29797 | D:12     | Entered Level 12 of the Dungeon
 30187 | D:12     | Reached skill level 10 in Dodging
 30616 | D:12     | Found a staircase to the Depths.
 30620 | D:12     | Reached skill level 17 in Polearms
 30644 | D:12     | Reached skill level 12 in Armour
 31258 | Orc      | Entered the Orcish Mines
 31305 | Orc      | Found a staircase to the Elven Halls.
 32067 | Orc      | Reached skill level 12 in Fighting
 33129 | Orc      | Found Ynidoeg's Food Emporium.
 33129 | Orc      | Found Noroebb's Armour Shop.
 33135 | Orc      | Found Buuraufe's Antique Armour Emporium.
 33135 | Orc      | Found Efuacw's Book Shop.
 33218 | Orc      | Bought a pair of runed boots for 187 gold pieces
 33228 | Orc      | Identified a +0 pair of boots of running (You bought it in
                  | a shop in the Orcish Mines)
 33507 | Spider:1 | Entered Level 1 of the Spider Nest
 33532 | Spider:1 | Reached skill level 18 in Polearms
 33842 | Spider:1 | Found a runed translucent gate.
 33843 | Spider:1 | Found a runed translucent gate.
 33844 | Spider:1 | Found a runed translucent gate.
 33915 | Spider:1 | Noticed a ghost moth
 33929 | Spider:1 | Killed a ghost moth
 35080 | Spider:1 | Noticed MIKEmikeMIKE's ghost (journeyman FrAE)
 35334 | Spider:1 | Identified the Incunabulum of Quantum Malediction
 35763 | Spider:2 | Reached skill level 19 in Polearms
 36560 | Spider:2 | Gained mutation: You regenerate health from kills.
                  | [Skeleton growth]
 36560 | Spider:2 | Reached XP level 16. HP: 88/101 MP: 24/32
 36848 | Spider:3 | Entered Level 3 of the Spider Nest
 37187 | Spider:3 | Reached skill level 20 in Polearms
 37649 | Spider:3 | Reached skill level 3 in Ice Magic
 37671 | Spider:3 | Reached skill level 3 in Hexes
 37980 | Spider:3 | Reached skill level 6 in Charms
 38038 | Spider:3 | Identified a scroll of acquirement
 38040 | Spider:3 | Identified the ring of Plog {rPois rC+ MR+ Str-4 Int+4}
                  | (You acquired it on level 3 of the Spider Nest)
 38209 | Spider:3 | Reached skill level 13 in Spellcasting
 38362 | Spider:3 | Identified a lightning rod (4/4) (You found it on level 11
                  | of the Dungeon)
 38362 | Spider:3 | Got a gossamer rune of Zot
 38537 | Shoals:1 | Entered Level 1 of the Shoals
 38567 | Shoals:1 | Identified the cursed +0 robe of Light {rElec rPois rF+
                  | SInv}
 38597 | Shoals:1 | Reached skill level 7 in Charms
 39329 | Shoals:1 | Reached skill level 13 in Fighting
 39982 | Shoals:2 | Reached skill level 14 in Spellcasting
 40390 | Shoals:3 | Entered Level 3 of the Shoals
 40401 | Shoals:3 | Noticed Ilsuiw
 40794 | Shoals:3 | Reached XP level 17. HP: 100/110 MP: 15/35
 40811 | Shoals:3 | Reached skill level 14 in Fighting
 42050 | Shoals:3 | Killed Ilsuiw
 42873 | Shoals:3 | Identified the +9 war axe of Defiance {chop, rPois}
 42896 | Shoals:3 | Got a barnacled rune of Zot
 43485 | Vaults:1 | Entered Level 1 of the Vaults
 43970 | D:12     | Bought a warped plate armour for 812 gold pieces
 43970 | D:12     | Identified the +1 plate armour of Zashrourph {rF+ Slay+5}
                  | (You bought it in a shop on level 12 of the Dungeon)
 43984 | D:12     | Bought a pitted chain mail for 275 gold pieces
 43984 | D:12     | Identified the +1 chain mail of Ileowaf {rF+} (You bought
                  | it in a shop on level 12 of the Dungeon)
 43986 | D:12     | Bought bloodstained iron dragon scales for 2465 gold pieces
 43986 | D:12     | Identified the cursed +0 iron dragon scales of Sathyabu
                  | {Int+2} (You bought it in a shop on level 12 of the
                  | Dungeon)
 44051 | Vaults:1 | Reached skill level 15 in Spellcasting
 44180 | Vaults:1 | Reached skill level 11 in Dodging
 44344 | Vaults:1 | Reached skill level 13 in Armour
 45053 | Vaults:1 | Noticed Asterion
 45063 | Vaults:1 | Killed Asterion
 45674 | Elf:1    | Entered Level 1 of the Elven Halls
 45792 | Elf:1    | Reached XP level 18. HP: 95/118 MP: 29/37
 46011 | Elf:1    | Reached skill level 15 in Fighting
 46013 | Elf:1    | Found Taruejea's Antique Armour Shop.
 46786 | Elf:1    | Identified Nedaef's Almanac of the Entourage
 47023 | Elf:2    | Reached skill level 16 in Spellcasting
 47077 | Elf:2    | Found a ruined gateway.
 47084 | Desolati | Entered the Desolation of Salt
 47177 | Desolati | Reached skill level 12 in Dodging
 47304 | Desolati | Reached skill level 14 in Armour
 47500 | Desolati | Identified the +7 hunting sling "Botout" {velocity, rPois}
 47515 | Desolati | Identified the +2 pair of gloves "Pojegg" {Str-3 Dex+5}
 47716 | Desolati | Identified the -5 helmet of the Boiling Point {rPois rN+++
                  | Dex-4}
 47721 | Desolati | Identified the -3 pair of gloves "Roobofuj" {rPois rC+
                  | Int-3}
 47880 | Desolati | Identified the +2 robe "Byiboadd" {Str+5 Dex+3}
 47897 | Desolati | Identified the ring of Docsilar {*Drain rPois rC+ rN+++
                  | Str-4}
 47939 | Desolati | Identified the +5 rapier of Gazinn {pierce, *Drain Int+3
                  | Dex+7}
 47950 | Desolati | Identified the ring of Mirth {rN+ Str+2 SInv}
 47952 | Desolati | Identified the cursed ring of Fangiw {rElec MR++ Int-3
                  | Dex+4}
 48021 | Desolati | Identified the Handbook of Dusty Flames
 48606 | Elf:2    | Found Ocorgha's Gadget Emporium.
 48666 | Elf:2    | Reached skill level 17 in Spellcasting
 49086 | Elf:2    | Reached XP level 19. HP: 119/125 MP: 37/40
 49342 | Elf:2    | Found a huge runed gate.
 49342 | Elf:2    | Found a huge runed gate.
 49342 | Elf:2    | Found a huge runed gate.
 49342 | Elf:2    | Found a huge runed gate.
 49342 | Elf:2    | Found a huge runed gate.
 49361 | Elf:2    | Learned a level 2 spell: Flaming Arrows
 49372 | Elf:2    | Reached skill level 16 in Fighting
 49614 | Elf:2    | Reached skill level 13 in Dodging
 49766 | Elf:2    | Reached skill level 15 in Armour
 50285 | Orc      | Bought a manual of Crossbows for 1876 gold pieces
 51099 | Vaults:2 | Found a flickering gateway to a bazaar.
 51105 | Bazaar   | Entered a bazaar
 51105 | Bazaar   | Found Tiefao's Assorted Antiques.
 51105 | Bazaar   | Found Fufoaloh's Antique Weapon Emporium.
 51106 | Bazaar   | Found Mowkel's Antique Armour Shoppe.
 51106 | Bazaar   | Found Nyvay's Armour Shoppe.
 51163 | Bazaar   | Bought a scroll of teleportation for 72 gold pieces
 51163 | Bazaar   | Bought a scroll of fear for 84 gold pieces
 51181 | Vaults:2 | Noticed Mara
 51191 | Vaults:2 | Noticed Artagas's illusion
 51344 | Vaults:2 | Reached skill level 1 in Crossbows
 51370 | Vaults:2 | Reached skill level 2 in Crossbows
 51721 | Vaults:2 | Reached skill level 3 in Crossbows
 51755 | Vaults:2 | Found a staircase to the Crypt.
 51804 | Vaults:2 | Found a magical portal.
 51838 | Vaults:2 | Noticed Artagas's illusion
 51916 | Vaults:2 | Killed Mara
 51916 | Vaults:2 | Reached skill level 5 in Crossbows
 52358 | Vaults:2 | Reached skill level 6 in Crossbows
 52400 | Vaults:2 | Reached skill level 7 in Crossbows
 52518 | Vaults:2 | Identified the cursed +0 arbalest "Nomet" {freeze, Dex+3}
 52980 | Crypt:1  | Entered Level 1 of the Crypt
 53037 | Crypt:1  | Noticed Khufu
 53050 | Crypt:1  | Killed Khufu
 53050 | Crypt:1  | Reached skill level 8 in Crossbows
 53050 | Crypt:1  | Reached skill level 14 in Dodging
 53272 | Crypt:1  | Noticed Frederick
 53622 | Crypt:1  | Noticed janekpiasek's ghost (veteran OnCj)
 53626 | Crypt:1  | Found a runed translucent gate.
 53626 | Crypt:1  | Found a runed translucent gate.
 53626 | Crypt:1  | Found a runed translucent gate.
 53686 | Crypt:1  | Killed Frederick
 53686 | Crypt:1  | Reached skill level 17 in Fighting
 53686 | Crypt:1  | Reached skill level 9 in Crossbows
 54154 | Crypt:1  | Found a runed door.
 54254 | Crypt:1  | Reached skill level 10 in Crossbows
 54406 | Crypt:1  | Noticed an ancient lich
 54414 | Crypt:1  | HP: 7/128 [ancient lich/crystal spear (77)]
 55093 | Elf:3    | Entered Level 3 of the Elven Halls
 55247 | Elf:3    | Reached skill level 11 in Crossbows
 55250 | Elf:3    | Gained mutation: Your movements are significantly less
                  | encumbered by armour. (ER -6) [Skeleton growth]
 55250 | Elf:3    | Reached XP level 20. HP: 129/134 MP: 39/41
 55263 | Elf:3    | Found Pax Gide's Assorted Antiques.
 55275 | Elf:3    | Bought a scroll of teleportation for 75 gold pieces
 55550 | Elf:3    | Reached skill level 12 in Crossbows
 55600 | Elf:3    | Reached skill level 15 in Dodging
 55617 | Elf:3    | Reached skill level 13 in Crossbows
 55699 | Elf:3    | Reached skill level 14 in Crossbows
 55818 | Elf:3    | Identified the +7 quarterstaff "Vouz" {crush, +Rage}
 55844 | Elf:3    | Reached skill level 15 in Crossbows
 56515 | Elf:3    | Identified the +0 chain mail of Cavom {rC+}
 56524 | Elf:3    | Reached skill level 16 in Crossbows
 56712 | Elf:3    | Identified the +5 long sword of Wounding {freeze, +Fly rC++
                  | Str-3 Dex+2}
 56769 | Elf:3    | Identified the +9 falchion of the Fox {freeze, -Tele rC+
                  | MR+ Int+2}
 56773 | Elf:3    | Identified the Incunabulum of the Moth
 56775 | Elf:3    | Identified the cursed +0 ring mail of Mirth {*Corrode rC+
                  | Dex+7 Stlth-}
 56817 | Elf:3    | Identified the Disquisition on Confrontation
 56821 | Elf:3    | Identified the +2 glaive "Asawnoin" {flame, Str+2 Dex+3}
 56855 | Elf:3    | Identified the cursed +1 arbalest of Infection {flame, MR+}
 56864 | Elf:3    | Identified the Grimoire of Aid and Malediction
 56878 | Elf:3    | Identified the +7 rapier "Gaughaing" {pain, rF+ MR+}
 57478 | Depths:1 | Entered Level 1 of the Depths
 57593 | Depths:1 | Found a gateway to Hell.
 57657 | Depths:1 | Reached skill level 17 in Crossbows
 57722 | Depths:1 | Found a flickering gateway to a bazaar.
 57729 | Bazaar   | Entered a bazaar
 57729 | Bazaar   | Found Walidd's Armour Boutique.
 57729 | Bazaar   | Found Nuitaumn's Gadget Shop.
 57729 | Bazaar   | Found Kosyug's Magic Scroll Boutique.
 57729 | Bazaar   | Found Raehen's Jewellery Boutique.
 57729 | Bazaar   | Found Qequux's Gadget Shop.
 57729 | Bazaar   | Found Xiss's Magic Scroll Boutique.
 57780 | Bazaar   | Bought the ring of the Shrike {-Tele rC+ rN+ MP+9 Slay+3}
                  | for 406 gold pieces
 57780 | Bazaar   | Bought the amulet of Ball {Gourm +Inv rF+ MR+ Int+4} for
                  | 585 gold pieces
 57786 | Bazaar   | Bought a scroll of blinking for 112 gold pieces
 57786 | Bazaar   | Bought a scroll of fog for 30 gold pieces
 57791 | Bazaar   | Bought a scroll of fear for 28 gold pieces
 57791 | Bazaar   | Bought a scroll of teleportation for 24 gold pieces
 57791 | Bazaar   | Bought a scroll of fog for 16 gold pieces
 57800 | Bazaar   | Bought a box of beasts for 240 gold pieces
 57897 | Depths:1 | Reached skill level 16 in Armour
 57999 | Depths:1 | Reached XP level 21. HP: 139/139 MP: 22/42
 58149 | Depths:1 | Found a one-way gate to the infinite horrors of the Abyss.
 58867 | Depths:2 | Reached skill level 17 in Armour
 59020 | Depths:2 | Reached skill level 18 in Crossbows
 59148 | Depths:2 | Reached skill level 18 in Armour
 59667 | Depths:2 | Reached skill level 19 in Armour
 60803 | Depths:3 | Reached skill level 18 in Spellcasting
 60842 | Depths:2 | Learned a level 6 spell: Deflect Missiles
 60962 | Depths:3 | Reached skill level 1 in Air Magic
 61093 | Depths:3 | Found a runed translucent door.
 61093 | Depths:3 | Found a shimmering altar of Xom.
 61093 | Depths:3 | Noticed Zeph's ghost (adept NaFi)
 61093 | Depths:3 | Identified the +7 morningstar of the Tiger {chaos, *Rage
                  | Dex+6}
 61265 | Depths:3 | Reached skill level 2 in Air Magic
 61410 | Depths:3 | Found a one-way gate leading to the halls of Pandemonium.
 61559 | Depths:3 | Found Basches's Antique Weapon Boutique.
 61566 | Depths:3 | Bought a fine arbalest for 370 gold pieces
 61566 | Depths:3 | Identified the cursed +2 arbalest of Sulphur {freeze,
                  | Fragile +Inv rPois SInv} (You bought it in a shop on level
                  | 3 of the Depths)
 61696 | Depths:3 | Reached skill level 8 in Charms
 62110 | Depths:3 | Reached skill level 3 in Air Magic
 62110 | Depths:3 | Reached XP level 22. HP: 77/146 MP: 18/44
 62382 | Depths:4 | Reached skill level 18 in Fighting
 62679 | Depths:4 | Noticed Sojobo
 63089 | Depths:4 | Reached skill level 9 in Charms
 63089 | Depths:4 | Reached skill level 4 in Air Magic
 63458 | Depths:4 | Reached skill level 5 in Air Magic
 63497 | Depths:4 | Noticed a golden dragon
 63510 | Depths:4 | Killed a golden dragon
 63510 | Depths:4 | Reached skill level 10 in Charms
 63543 | Depths:4 | Noticed a golden dragon
 63570 | Depths:4 | Killed a golden dragon
 64430 | Depths:4 | Killed Sojobo
 64970 | Depths:4 | Noticed an ancient lich
 64985 | Depths:4 | Killed an ancient lich
 64985 | Depths:4 | Reached skill level 19 in Spellcasting
 65126 | Depths:4 | Identified the Volume of Execration and Feathers
 65176 | Depths:4 | Found Copim's Assorted Antiques.
 65186 | Depths:4 | Bought a scroll of blinking for 352 gold pieces
 65672 | Crypt:2  | Entered Level 2 of the Crypt
 65697 | Crypt:2  | Reached skill level 16 in Dodging
 65735 | Crypt:2  | Learned a level 5 spell: Summon Mana Viper
 65787 | Crypt:2  | Reached skill level 1 in Summonings
 65871 | Crypt:2  | Reached skill level 2 in Summonings
 65967 | Crypt:2  | Reached skill level 3 in Summonings
 66204 | Crypt:2  | Found the cursed +14 obsidian axe {chop, +Fly SInv *Curse}
 66317 | Crypt:2  | Reached skill level 4 in Summonings
 66337 | Crypt:2  | Noticed Jory
 66354 | Crypt:2  | Killed Jory
 66503 | Crypt:2  | Noticed an ancient lich
 66515 | Crypt:2  | Killed an ancient lich
 66515 | Crypt:2  | Reached skill level 5 in Summonings
 66515 | Crypt:2  | Reached XP level 23. HP: 153/153 MP: 33/46
 66570 | Crypt:2  | Found an ancient bone altar of Kikubaaqudgha.
 66690 | Crypt:2  | Identified the +5 spear of Fortitude {pierce, +Inv Str+3
                  | Int-3 SInv}
 66760 | Crypt:2  | Reached skill level 6 in Summonings
 67150 | Crypt:2  | Reached skill level 7 in Summonings
 67285 | Crypt:2  | Found a staircase to the Tomb.
 67681 | Vaults:3 | Entered Level 3 of the Vaults
 67846 | Vaults:3 | Reached skill level 19 in Fighting
 67856 | Vaults:3 | Reached skill level 8 in Summonings
 67895 | Vaults:3 | Identified the cursed +2 longbow of World's End {venom,
                  | rPois}
 67972 | Vaults:3 | Reached skill level 9 in Summonings
 68085 | Vaults:3 | Reached skill level 10 in Summonings
 68195 | Vaults:3 | Reached skill level 4 in Hexes
 68264 | Vaults:3 | Identified the +8 hand crossbow of Utif {penet, MR+ Int+4}
 68264 | Vaults:3 | Identified the cursed +1 spear of the Jolly People
                  | {antimagic, MR++ Int-3 Dex+5}
 68295 | Vaults:3 | Reached skill level 5 in Hexes
 68471 | Vaults:3 | Identified the +5 hand axe of Fear {chop, rN++ MP+9 Str+3}
 68496 | Vaults:3 | Reached skill level 11 in Summonings
 68530 | Vaults:3 | Reached skill level 6 in Hexes
 68531 | Vaults:3 | Identified the +10 dagger of Judgement {pierce, Str-3 Int+4
                  | Dex+2}
 68628 | Vaults:3 | Reached skill level 17 in Dodging
 69014 | Vaults:3 | Noticed a caustic shrike
 69016 | Vaults:3 | a caustic shrike changed into an iron dragon
 69022 | Vaults:3 | Noticed a golden dragon
 69022 | Vaults:3 | an iron dragon changed into a golden dragon
 69032 | Vaults:3 | Killed a golden dragon
 69032 | Vaults:3 | Reached skill level 18 in Dodging
 69322 | Vaults:3 | Reached skill level 19 in Dodging
 69328 | Vaults:3 | Reached XP level 24. HP: 160/160 MP: 37/46
 69581 | Vaults:3 | Noticed a golden dragon
 69593 | Vaults:3 | Killed a golden dragon
 69857 | Vaults:3 | Got a silver rune of Zot
 69908 | Vaults:3 | Reached skill level 20 in Dodging
 69922 | Vaults:3 | Learned a level 6 spell: Shadow Creatures
 70146 | Vaults:3 | Noticed a golden dragon
 70158 | Vaults:3 | Killed a golden dragon
 70158 | Vaults:3 | Reached skill level 12 in Summonings
 70165 | Vaults:3 | Learned a level 5 spell: Summon Lightning Spire
 70171 | Vaults:3 | Learned a level 5 spell: Aura of Abjuration
 70759 | Depths:5 | Entered Level 5 of the Depths
 70764 | Depths:5 | Noticed a golden dragon
 70773 | Depths:5 | Killed a golden dragon
 71001 | Depths:5 | Reached skill level 13 in Summonings
 71022 | Depths:5 | Noticed a golden dragon
 71039 | Depths:5 | Found a gate to the Realm of Zot.
 71042 | Depths:5 | Killed a golden dragon
 71239 | Depths:5 | Found a gateway to a ziggurat.
 71348 | Depths:5 | Noticed Xtahua
 71386 | Depths:5 | Killed Xtahua
 72254 | Zot:1    | Entered Level 1 of the Realm of Zot
 72529 | Zot:1    | Reached skill level 20 in Spellcasting
 72976 | Zot:3    | Noticed a golden dragon
 72998 | Zot:3    | Killed a golden dragon
 73017 | Zot:3    | Noticed a golden dragon
 73035 | Zot:3    | Noticed a golden dragon
 73051 | Zot:2    | Killed a golden dragon
 73220 | Zot:2    | Killed a golden dragon
 73220 | Zot:2    | Reached skill level 20 in Fighting
 73368 | Zot:3    | Reached XP level 25. HP: 117/168 MP: 30/47
 73400 | Zot:3    | Reached skill level 21 in Spellcasting
 74453 | Zot:3    | Noticed a golden dragon
 74464 | Zot:3    | Killed a golden dragon
 74619 | Zot:4    | Noticed a golden dragon
 74731 | Zot:4    | Killed a golden dragon
 74789 | Zot:5    | Entered Level 5 of the Realm of Zot
 74795 | Zot:5    | Noticed a golden dragon
 74802 | Zot:5    | Noticed a golden dragon
 74829 | Zot:5    | Killed a golden dragon
 74853 | Zot:5    | Killed a golden dragon
 75406 | Zot:5    | Noticed an ancient lich
 75426 | Zot:5    | Noticed an ancient lich
 75444 | Zot:5    | Noticed an orb of fire
 75447 | Zot:5    | Noticed a Killer Klown
 75450 | Zot:5    | Noticed a Killer Klown
 75459 | Zot:5    | Killed an ancient lich
 75468 | Zot:5    | Killed an ancient lich
 75514 | Zot:5    | Killed a Killer Klown
 75541 | Zot:5    | Killed a Killer Klown
 75577 | Zot:5    | Got the Orb of Zot
 75619 | Zot:5    | Noticed a Killer Klown
 76016 | D:3      | Noticed Natasha
 76130 | D:$      | Escaped with the Orb!

Skill      XL: |  1  2  3  4  5  6  7  8  9 10 11 12 13 14 15 16 17 18 19 20 21 22 23 24 25 |
---------------+----------------------------------------------------------------------------+-----
Polearms       | 3 4 5 6 7 8 10 11 13 15 16 19 20 | 20.0
Charms         | 4 5 7 8 10 | 10.2
Spellcasting   | 4 7 8 10 12 14 15 17 18 19 20 21 | 21.9
Shields        | 1 3 4 |  4.2
Armour         | 2 3 4 5 6 8 10 11 12 13 14 15 16 19 | 19.7
Evocations     | 1 2 5 7 |  7.0
Fighting       | 3 4 6 8 9 10 11 12 13 14 15 17 18 19 20 | 20.5
Hexes          | 2 3 6 |  6.0
Ice Magic      | 2 3 |  3.0
Slings         | 5 6 |  6.3
Dodging        | 3 4 6 8 9 10 11 12 14 15 16 19 20 | 20.5
Crossbows      | 11 17 18 | 18.0
Air Magic      | 3 5 |  5.0
Summonings     | 5 11 13 | 13.0

Action                   |  1- 3 |  4- 6 |  7- 9 | 10-12 | 13-15 | 16-18 | 19-21 | 22-24 | 25-27 || total
-------------------------+-------+-------+-------+-------+-------+-------+-------+-------+-------++-------
Melee: Spear             |   136 |   238 |   409 |    28 |       |       |       |       |       ||   811
       Trident           |       |       |       |   372 |       |       |       |       |       ||   372
       Halberd           |       |       |       |   192 |   520 |       |       |       |       ||   712
       Glaive            |       |       |       |       |   901 |  1410 |  1440 |  2030 |   320 ||  6101
 Fire: Hunting sling     |       |    33 |    30 |   129 |    16 |    13 |    53 |       |       ||   274
       Arbalest          |       |       |       |       |       |       |   152 |    33 |    74 ||   259
Throw: Throwing net      |       |       |       |       |       |       |     1 |     1 |       ||     2
 Cast: Infusion          |    21 |       |       |       |       |       |       |       |       ||    21
       Song of Slaying   |     5 |     2 |     5 |    21 |    58 |    58 |    38 |    27 |     7 ||   221
       Spectral Weapon   |       |    14 |    36 |    55 |    75 |    59 |    34 |    59 |     7 ||   339
       Ozocubu's Armour  |       |     1 |     7 |    27 |    24 |    11 |     5 |     2 |       ||    77
       Flaming Arrows    |       |       |       |       |       |       |     5 |     1 |       ||     6
       Deflect Missiles  |       |       |       |       |       |       |       |     1 |     2 ||     3
       Summon Mana Viper |       |       |       |       |       |       |       |    10 |       ||    10
       Shadow Creatures  |       |       |       |       |       |       |       |     6 |     6 ||    12
Invok: Potion Petition   |       |     1 |       |       |       |       |     2 |       |     1 ||     4
       Call Merchant     |       |       |       |       |     1 |     1 |       |       |       ||     2
       Bribe Branch      |       |       |       |       |       |       |       |       |     2 ||     2
 Abil: Evoke Flight      |       |       |       |       |       |     9 |       |       |       ||     9
       Evoke Blink       |       |       |       |       |       |       |       |     1 |       ||     1
       Evoke Invisibilit |       |       |       |       |       |       |       |     5 |     6 ||    11
Evoke: Wand              |       |     7 |    13 |    16 |     9 |     1 |     7 |    10 |     6 ||    69
       Lightning rod     |       |       |       |       |       |     5 |     6 |       |       ||    11
       Lamp of fire      |       |       |       |       |       |     4 |     4 |       |       ||     8
       Sack of spiders   |       |       |       |       |       |       |     1 |       |       ||     1
  Use: Scroll            |     1 |     3 |     5 |     7 |     6 |     6 |     9 |    11 |     3 ||    51
 Stab: Distracted        |       |       |     3 |     4 |    15 |    14 |    17 |    35 |     1 ||    89
       Paralysed         |       |       |       |       |     3 |       |       |       |     8 ||    11
       Petrified         |       |       |       |       |     1 |       |       |       |       ||     1
       Held in net/web   |       |       |       |       |       |       |     4 |     4 |       ||     8
       Invisible         |       |       |       |       |       |       |       |    35 |    16 ||    51
Armor: Leather armour    |     7 |       |       |       |       |       |       |       |       ||     7
       Ring mail         |    11 |    65 |   101 |     5 |   258 |       |       |       |       ||   440
       Scale mail        |       |       |       |   146 |    74 |   178 |       |       |       ||   398
       Chain mail        |       |       |       |       |     4 |       |       |       |       ||     4
       Plate armour      |       |       |       |       |       |   127 |   244 |   508 |   130 ||  1009
Dodge: Dodged            |    60 |   105 |   108 |   233 |   516 |   532 |   455 |   972 |   323 ||  3304
       Deflected         |       |       |       |       |       |       |       |   120 |    11 ||   131
Block: Buckler           |     3 |    21 |    42 |    52 |       |       |       |       |       ||   118
       Other             |       |       |       |    20 |   238 |   201 |   211 |   166 |    27 ||   863
       Reflection        |       |       |       |       |     6 |    21 |    26 |     2 |       ||    55

Levels and vault maps discovered:
D:1:      matt_arrival_refuge, layout_basic
D:2:      layout_basic, lemuel_coloured_pillars_altar
D:3:      kennysheep_the_goblin_king, layout_basic, elyvilon_altar_4,
          old_standard_altar, first_ration, uniq_natasha
D:4:      wad_lake_hut, layout_basic, serial_shops, nicolae_shop_trees,
          grunt_ministairs_10, uniq_robin
D:5:      layout_basic, nicolae_overflow_crystal_walls,
          okawaru_altar_gauntlet_db, kennysheep_mini, lemuel_flame_loot_1
D:6:      layout_loops_ring, marbit_many_paths, kiku_gazebo_garden_becter,
          yredelemnul_forgotten_temple_becter, temple_pool_b, serial_shops,
          shop, grunt_dithmenos_smoke
D:7:      layout_rooms, lair_entry_dummy, serial_shops, nicolae_shop_waterfront,
          shop, shop, shop
D:8:      layout_basic, nicolae_ru_sacrificial_ziggurat, basic_altar,
          grunt_pizzeria, uniq_joseph
D:9:      layout_rooms, grunt_temple_overflow_diamond
D:10:     cheibrodos_shockbox, layout_basic, minmay_orc_entry_guard_dogs
D:11:     minmay_the_grid_square_5x5_5x5 [minmay_the_grid_square_5x5_eight,
          minmay_the_grid_square_5x5_minibox,
          minmay_the_grid_square_5x5_sharp_hourglass,
          minmay_the_grid_square_5x5_shuriken,
          minmay_the_grid_square_5x5_two_walls_a, minmay_the_grid_square_5x5_n,
          minmay_the_grid_square_5x5_prize_waves,
          minmay_the_grid_square_5x5_three_walls,
          minmay_the_grid_square_5x5_prize_itemx,
          minmay_the_grid_square_5x5_spiral,
          minmay_the_grid_square_5x5_beaten_path, minmay_the_grid_square_5x5_c,
          minmay_the_grid_square_5x5_prize_rear_guard,
          minmay_the_grid_square_5x5_two, minmay_the_grid_square_5x5_gyroscope,
          minmay_the_grid_square_5x5_meh, minmay_the_grid_square_5x5_prize_junk,
          minmay_the_grid_square_5x5_percent,
          minmay_the_grid_square_5x5_prize_open,
          minmay_the_grid_square_5x5_minivault,
          minmay_the_grid_square_5x5_lines,
          minmay_the_grid_square_5x5_inverted_slash,
          minmay_the_grid_square_5x5_tri_point,
          minmay_the_grid_square_5x5_tetrominoes,
          minmay_the_grid_square_5x5_plus], layout_loops_cross, david_vaults_1,
          minivault_16
D:12:     grunt_enter_depths_magical_seal, layout_loops_ring, dk_noncrumbling_2
Lair:1:   layout_roguey, basic_altar, beast_lair_carwin_2, lemuel_fruit_tree,
          lemuel_fruit_fields
Lair:2:   minmay_lair_oklob_tunnel, layout_small_grid, spider_nest_entry_webs
Lair:3:   layout_cave_pods, minmay_shoals_entry_beasts, grunt_megastairs_5,
          minmay_lair_oklob_chamber, serial_bayou_shore_b
Lair:4:   layout_roguey, serial_forest, infiniplex_forest_lined_corner,
          infiniplex_forest_lined_3, infiniplex_forest_straight_1,
          infiniplex_forest_clump_tiny, infiniplex_forest_lined_2,
          infiniplex_forest_lined_2, infiniplex_forest_clump_curved,
          kennysheep_abandoned_house
Lair:5:   layout_gridlike, slime_altar_1, nicolae_volcano_entry_lava_flow
Lair:6:   minmay_lair_end_enchanted_forest, layout_loops_ring,
          grunt_megastairs_4, serial_bayou_shore_a, uniq_sonja
Shoals:1: cheibrodos_shoals_epimethial_gifts, layout_shoals,
          nicolae_shoals_flooded_hall
Shoals:2: layout_shoals
Shoals:3: shoals_end_simple, layout_shoals, shoals_ilsuiw_ice
Spider:1: layout_chambers, gammafunk_ghost_necromancy
Spider:2: layout_spider_delve
Spider:3: spider_rune_water
Orc:      grunt_orc_tribal_feast, layout_caves, nicolae_orc_sculptors_studio
Elf:1:    layout_gridlike, serial_shops, nicolae_shop_window_shopping,
          minmay_elf_demonology
Elf:2:    layout_loops_corners, portal_desolation_entry_nicolae_nacl,
          serial_shops, shop, lemuel_elevator
Elf:3:    minmay_elf_hall_four_x, layout_geoelf_grid, serial_shops,
          nicolae_shop_overgrown_old_shop
Vaults:1: ontoclasm_vaults_ring_square, nicolae_vaults_windows_and_doors_thing,
          hangedman_vaults_corner_blocks, vaults_room_grid,
          hangedman_vaults_slice, vaults_room_semicircle,
          ontoclasm_vaults_gateway, grunt_vaults_hallway_short,
          nicolae_vaults_border_crossing, layout_vaults_omnigrid, uniq_asterion
Vaults:2: hangedman_vaults_slice, ontoclasm_vaults_ligature, v_misc_30,
          ontoclasm_vaults_pinch, v_misc_22, nicolae_vaults_yaktaur_gun_rack,
          nicolae_vaults_diagonal_hallway_8, minmay_crypt_entry_skeletal_spiral,
          vaults_dpeg_encased_lava, layout_vaults_big_room, mu_enter_wizlab_4,
          serial_shops, freezing_bzr, uniq_mara
Vaults:3: serial_shops
Crypt:1:  cheibrodos_crypt_cold_storage, layout_misc_corridors,
          gammafunk_ghost_split, roderic_lattice_octagonal_star, uniq_frederick,
          uniq_khufu
Crypt:2:  cryptofortress_bobbens, uniq_jory
Depths:1: layout_gridville, serial_sigils_hangedman_gut, abyss_entry,
          serial_shops, bzr_entry_road, grunt_hell_entry_dis_mu,
          minmay_alternating_orb
Depths:2: kennysheep_room_grid, layout_basic, minmay_room_of_horrors,
          hell_entry, infiniplex_staircase_trident
Depths:3: grunt_house_of_mirrors, layout_small_grid, serial_shops,
          kennysheep_mini_moat, pan_entry, ebering_ghost_xom, hell_entry,
          hangedman_abyss_or_decor_lesser_grid, minmay_misc_feat_tiny,
          infiniplex_staircase_9_rooms
Depths:4: minmay_expanding_squares, layout_basic, nicolae_two_hexagons,
          hellmouth_1, abyss_entry, serial_shops, shop,
          infiniplex_staircase_split_hallway, uniq_sojobo
Depths:5: grunt_zot_entry_alcove, layout_long_grid, enter_ziggurat_f,
          abyss_entry, hangedman_decor_growths, pf_hell_entry_tar_spiral,
          serial_bayou_shore_b, uniq_xtahua
Zot:1:    regret_index_qazlal_generations, layout_twisted_circle
Zot:2:    layout_twisted_circle
Zot:3:    kennysheep_blocky_room, layout_onion_interference
Zot:4:    layout_misc_corridors, grunt_megastairs_3
Zot:5:    layout_gridville

Table legend:
 A = Turns spent in this place as a percentage of turns spent in the entire game.
 B = Non-inter-level travel turns spent in this place as a percentage of non-inter-level travel turns spent in the entire game.
 C = Inter-level travel turns spent in this place as a percentage of turns spent in this place.
 D = Turns resting spent in this place as a percentage of non-inter-level travel turns spent in this place.
 E = Turns spent auto-exploring this place as a percentage of non-inter-level travel turns spent in this place.
 F = Non-inter-level travel turns spent in this place divided by the number of levels of this place that you've seen.
                   A       B       C       D       E      F
               +-------+-------+-------+-------+-------+----------------------
         Total | 100.0 | 100.0 |   7.2 |  25.5 |  51.3 | 1535.9
       Dungeon |  27.1 |  26.1 |  10.7 |  25.8 |  56.6 | 1536.5
          Lair |  17.8 |  17.7 |   7.7 |  27.7 |  57.1 | 2082.0
        Shoals |   6.4 |   6.6 |   4.5 |  29.5 |  48.2 | 1547.0
   Spider Nest |   6.2 |   6.4 |   3.7 |  24.2 |  56.2 | 1509.7
  Orcish Mines |   2.4 |   2.1 |  17.2 |   7.3 |  57.2 | 1487.0
   Elven Halls |   7.2 |   7.3 |   5.9 |  28.5 |  46.4 | 1718.3
        Vaults |   8.8 |   8.6 |   9.7 |  15.0 |  51.0 | 2015.7
         Crypt |   5.0 |   5.2 |   3.3 |  28.7 |  43.7 | 1841.0
        Depths |  12.9 |  13.3 |   4.1 |  23.8 |  51.4 | 1879.8
           Zot |   4.3 |   4.6 |   0.5 |  46.5 |  10.9 | 652.4
        Bazaar |   0.2 |   0.2 |   0.0 |   0.0 |  22.1 |  72.5
    Desolation |   1.8 |   1.9 |   0.0 |   3.8 |  53.5 | 1375.0
               +-------+-------+-------+-------+-------+----------------------

Table legend:
 A = Kills in this place as a percentage of kills in entire the game.
 B = Kills by you in this place as a percentage of kills by you in the entire game.
 C = Kills by friends in this place as a percentage of kills by friends in the entire game.
 D = Other kills in this place as a percentage of other kills in the entire game.
 E = Experience gained in this place as a percentage of experience gained in the entire game.
 F = Experience gained in this place divided by the number of levels of this place that you have seen.
                   A       B       C       D       E      F
               +-------+-------+-------+-------+-------+----------------------
         Total | 100.0 | 100.0 | 100.0 | 100.0 | 100.0 | 27321.5
       Dungeon |  18.8 |  19.4 |   0.0 |   2.1 |   5.6 | 5873.2
          Lair |  11.3 |  11.6 |   0.0 |   0.0 |   4.2 | 8868.0
        Shoals |   6.4 |   6.6 |   0.0 |   2.1 |   5.5 | 23070.7
   Spider Nest |   7.1 |   7.3 |   0.0 |   0.0 |   4.6 | 19426.7
  Orcish Mines |   3.9 |   4.0 |   0.0 |   0.0 |   0.9 | 11829.0
   Elven Halls |   8.8 |   7.6 |   0.0 |  57.4 |  11.5 | 48384.7
        Vaults |  12.8 |  13.1 |   0.0 |   8.5 |  18.9 | 79099.7
         Crypt |   6.6 |   6.6 |   0.0 |  10.6 |   7.7 | 48395.5
        Depths |  14.7 |  14.7 |  35.7 |   6.4 |  23.7 | 59603.2
           Zot |   4.7 |   4.0 |  64.3 |  12.8 |  13.1 | 33018.0
    Desolation |   4.9 |   5.1 |   0.0 |   0.0 |   4.1 | 51431.0
               +-------+-------+-------+-------+-------+----------------------
